 Dungeon Crawl Stone Soup version 0.18-a0-116-g2d311b1 (webtiles) character file.

3731 ReteAZ the Grappler (level 9, -11/89 HPs)
             Began as a Troll Monk on Nov 17, 2015.
             Was a High Priest of Cheibriados.
             Mangled by an orc warrior (16 damage)
             ... in a bailey.
             The game lasted 00:14:02 (6180 turns).

ReteAZ the Grappler (Troll Monk)                    Turns: 6180, Time: 00:14:02

Health: -11/89     AC:  9    Str: 34    XL:     9   Next: 92%
Magic:  8/8        EV: 22    Int: 19    God:    Cheibriados [*****.]
Gold:   442        SH:  0    Dex: 33    Spells: 0 memorised, 8 levels left

rFire  . . .     SeeInvis .       - Unarmed
rCold  . . .     Clarity  .     a - +1 robe
rNeg   . . .     SustAt   .     (no shield)
rPois  +         Gourm    +     (helmet restricted)
rElec  .         Spirit   .     G - +2 cloak {rPois}
rCorr  .         Warding  .     (gloves unavailable)
rMut   .         Stasis   .     (boots unavailable)
MR     .....                    (no amulet)
Stlth  ++++......               (no ring)
                                n - ring of wizardry

@: agile, very slow, not resistant to hostile enchantments, stealthy
A: unfitting armour, claws 3, fast metabolism 3, gourmand, regeneration 2,
shaggy fur 1, tough skin 2
a: Bend Time, Temporal Distortion, Slouch, Step From Time, Renounce Religion


You were in a bailey.
You worshipped Cheibriados.
Cheibriados was extremely pleased with you.
You were completely stuffed.

You visited 1 branch of the dungeon, and saw 9 of its levels.
You also visited: Bailey.

You collected 442 gold pieces.

Inventory:

Missiles
 M - 2 tomahawks (quivered)
Armour
 a - a +1 robe (worn)
 l - a +0 cloak
 G - a +2 cloak of poison resistance (worn)
Jewellery
 d - an uncursed amulet of warding {unknown}
 n - a ring of wizardry (left claw)
 r - an uncursed ring of ice
 y - an uncursed ring of positive energy
Wands
 D - a wand of teleportation (6)
 F - a wand of teleportation (4)
 H - a wand of fire (13)
 J - a wand of slowing (13)
 K - a wand of frost (23)
 L - a wand of draining (7)
Scrolls
 c - a scroll of enchant armour
 e - a scroll of noise
 g - 9 scrolls of identify
 h - 5 scrolls of remove curse
 i - 3 scrolls of teleportation
 j - a scroll of recharging
 m - a scroll of fear
 q - a scroll of magic mapping {unknown}
 E - 2 scrolls of enchant weapon
Potions
 p - a potion of lignification {unknown}
 s - a potion of agility
 t - 2 potions of curing
 u - 2 potions of haste {unknown}
 v - 2 potions of brilliance {unknown}
 w - 3 potions of flight
 x - a potion of beneficial mutation {unknown}
 z - 2 potions of might
 I - 2 potions of poison
 N - a potion of ambrosia {unknown}
 O - a potion of mutation {unknown}
Books
 A - a book of Clouds

   Spells                             Type                      Level
   a - Mephitic Cloud                 Conjuration/Poison/Air       3
   b - Conjure Flame                  Conjuration/Fire             3
   c - Poisonous Cloud                Conjuration/Poison/Air       6
   d - Freezing Cloud                 Conjuration/Ice/Air          6
   e - Ring of Flames                 Charms/Fire                  7
 C - a book of the Tempests

   Spells                             Type                      Level
   a - Static Discharge               Conjuration/Air              3
   b - Lightning Bolt                 Conjuration/Air              5
   c - Fireball                       Conjuration/Fire             5
   d - Tornado                        Air                          9
   e - Shatter                        Earth                        9
 P - a book of Necromancy

   Spells                             Type                      Level
   a - Pain                           Necromancy                   1
   b - Animate Skeleton               Necromancy                   1
   c - Vampiric Draining              Necromancy                   3
   d - Regeneration                   Charms/Necromancy            3
   e - Animate Dead                   Necromancy                   4
   f - Control Undead                 Necromancy                   4
Comestibles
 b - 7 bread rations {@e1}
 f - 7 beef jerkies
 k - 6 meat rations {@e2}
 B - 5 fruits


   Skills:
 - Level 6.0 Fighting
 + Level 6.2 Dodging
 - Level 1.1 Stealth
 * Level 11.3 Unarmed Combat


You had 8 spell levels left.
You didn't know any spells.

Dungeon Overview and Level Annotations

Branches:
Dungeon (9/15)             Temple (0/1) D:6
   Lair: D:8-11         Orc: D:9-12

Altars:
Ashenzari
Cheibriados
Dithmenos
Elyvilon
Kikubaaqudgha
Makhleb
Nemelex Xobeh
Okawaru
Qazlal
Ru
Vehumet
Zin

Shops:
D:4 [

Annotations:
D:7 1 runed door


Innate Abilities, Weirdness & Mutations

You are too large for most types of armour.
You have claws for hands.
Your metabolism is lightning-fast.
You like to eat raw meat.
You heal very quickly.
You are covered in fur (AC +1).
You have very tough skin (AC +2).


Message History

There is an open door, spattered with blood here.
You claw the orc warrior!
The orc warrior is moderately wounded.
The orc warrior barely misses you.
The orc warrior hits you with a trident.
* * * LOW HITPOINT WARNING * * *
The orc warrior closely misses you.
You mangle the orc warrior!!
The orc warrior is almost dead.
The orc warrior hits you!
* * * LOW HITPOINT WARNING * * *
Drink which item? (? for menu, Esc to quit)
It was a potion of poison.
You feel slightly nauseous.
The orc warrior hits you but does no damage.
The orc warrior barely misses you. The orc warrior misses you.
Drink which item? (? for menu, Esc to quit)
It was a potion of agility.
You feel agile all of a sudden. The orc warrior completely misses you.
The orc warrior hits you!
You die...

### ## ###
##∩######### #.##
...##...##.....##...#
≈≈..#...#..≈≈≈..#..?#
o≈≈.......≈≈o≈≈.#o..#
oo≈.......≈ooo≈.@o..#
o≈≈.......≈≈o≈≈.#o.$#
≈≈..#...#..≈≈≈.(#..$#
... #.∩.##...(.##...#
## ##∩######### #.##
### ##


You could see 6 orc warriors and 2 orcs.

Vanquished Creatures
  A deep elf mage (D:9)
  2 wyverns
  A hippogriff (D:7)
  3 wolves (D:8)
  A water moccasin (D:4)
  2 orc warriors
  4 ogres
  A sky beast (D:7)
  The ghost of Proton the Skirmisher, an amateur NaFi (D:3)
  A centaur (D:7)
  A black bear (D:7)
  2 scorpions
  A giant frog (D:7)
  6 wights
  3 crimson imps
  2 jellies
  2 giant frog zombies (D:5)
  2 orc wizards
  Crazy Yiuf (D:6)
  A giant frog skeleton (D:4)
  9 worker ants
  An iguana (D:7)
  13 hounds
  Natasha (D:3)
  2 orc priests (D:5)
  A hound zombie (D:7)
  2 worker ant zombies
  3 gnolls (D:6)
  10 adders
  A shadow imp (D:8)
  3 oozes
  An adder zombie (D:8)
  3 worms (D:3)
  7 giant geckos
  21 orcs
  3 ball pythons
  10 giant cockroaches
  10 goblins
  13 hobgoblins
  10 jackals
  4 quokkas
  10 bats
  5 giant newts
  A jackal skeleton (D:4)
  2 jackal zombies (D:6)
  4 kobolds
  A quokka skeleton (D:8)
  7 rats
196 creatures vanquished.

Vanquished Creatures (others)
  An orc wizard (D:5)
1 creature vanquished.

Grand Total: 197 creatures vanquished

Notes
Turn   | Place    | Note
--------------------------------------------------------------
     0 | D:1      | ReteAZ the Troll Monk began the quest for the Orb.
     0 | D:1      | Reached XP level 1. HP: 22/22 MP: 0/0
   173 | D:1      | Reached XP level 2. HP: 25/29 MP: 1/1
   601 | D:2      | Reached skill level 5 in Unarmed Combat
   602 | D:2      | Reached XP level 3. HP: 36/36 MP: 2/2
   699 | D:2      | Found a radiant altar of Vehumet.
  1064 | D:2      | Reached XP level 4. HP: 44/44 MP: 3/3
  1531 | D:3      | Noticed an ogre
  1531 | D:3      | Noticed Proton's ghost (amateur NaFi)
  1556 | D:3      | Killed an ogre
  1556 | D:3      | Reached skill level 6 in Unarmed Combat
  1556 | D:3      | Reached XP level 5. HP: 52/52 MP: 4/4
  1566 | D:3      | Killed Proton's ghost
  1566 | D:3      | Reached XP level 6. HP: 44/61 MP: 5/5
  1690 | D:3      | Noticed Natasha
  1696 | D:3      | Killed Natasha
  1897 | D:4      | Found an iron altar of Okawaru.
  2055 | D:4      | Found Qeiniy's Antique Armour Emporium.
  2179 | D:4      | Noticed a water moccasin
  2182 | D:4      | Reached skill level 7 in Unarmed Combat
  2196 | D:4      | Killed a water moccasin
  2196 | D:4      | Reached XP level 7. HP: 9/67 MP: 6/6
  2412 | D:4      | Found an ancient bone altar of Kikubaaqudgha.
  2415 | D:4      | Found a stormy altar of Qazlal.
  2416 | D:4      | Found a snail-covered altar of Cheibriados.
  2506 | D:4      | Became a worshipper of Cheibriados the Contemplative
  2506 | D:4      | Reached * piety under Cheibriados
  2506 | D:4      | Reached ** piety under Cheibriados
  2905 | D:5      | Entered Level 5 of the Dungeon
  3053 | D:5      | Found a white marble altar of Elyvilon.
  3125 | D:5      | Found a sacrificial altar of Ru.
  3608 | D:5      | Reached skill level 8 in Unarmed Combat
  3701 | D:6      | Reached XP level 8. HP: 72/78 MP: 7/7
  3704 | D:6      | Found a shattered altar of Ashenzari.
  3792 | D:6      | Reached *** piety under Cheibriados
  3816 | D:6      | Found a staircase to the Ecumenical Temple.
  3975 | D:6      | Found a shadowy altar of Dithmenos.
  4088 | D:6      | Noticed Crazy Yiuf
  4094 | D:6      | Killed Crazy Yiuf
  4600 | D:7      | Found a runed door.
  4605 | D:7      | Found a runed door.
  4623 | D:7      | Reached skill level 9 in Unarmed Combat
  4787 | D:7      | Found a sparkling altar of Nemelex Xobeh.
  4797 | D:7      | Reached **** piety under Cheibriados
  4797 | D:7      | Reached skill level 5 in Fighting
  4819 | D:7      | Reached skill level 5 in Dodging
  5154 | D:8      | Reached XP level 9. HP: 47/88 MP: 8/8
  5300 | D:8      | Found a glowing silver altar of Zin.
  5300 | D:8      | Found a burning altar of Makhleb.
  5301 | D:8      | Noticed a green death
  5301 | D:8      | Noticed an angel
  5388 | D:8      | Reached skill level 10 in Unarmed Combat
  5419 | D:8      | Reached ***** piety under Cheibriados
  5951 | D:9      | Reached skill level 11 in Unarmed Combat
  6141 | D:9      | Found a flagged portal.
  6154 | Bailey   | Entered a bailey
  6154 | Bailey   | Noticed an orc knight
  6155 | Bailey   | Noticed an orc knight
  6178 | Bailey   | HP: 4/89 [orc warrior (10)]
  6180 | Bailey   | Mangled by an orc warrior

Vault maps used:
D:1:      dpeg_arrival_pits
D:2:      fiery_altar_vehumet, first_bread
D:3:      minmay_joined_circles, uniq_natasha
D:4:      okawaru_trees_1, minitemple, serial_shops, nicolae_shop_behind_doors
D:5:      nicolae_overflow_hidden_temple, basic_altar
D:6:      nicolae_dithmenos_shadow_blocks, ashenzari_conservatory_becter,
          minmay_temple_entry_hall, uniq_crazy_yiuf_cottage
D:7:      lemuel_insect_pit, overflow_temple_1_default, serial_glass,
          glass_columns_a, glass_columns_c, glass_columns_b, glass_columns_b,
          glass_columns_b, glass_columns_a, glass_columns_c, glass_columns_b
D:8:      grunt_temple_overflow_order_and_chaos_2, erik_lair_island
D:9:      yredelemnul_forgotten_temple_becter, tgw_trog, enter_bailey_3,
          kennysheep_flooded_box, the_bakery
Bailey:   bailey_polearm_4, bailey

Action                   |  1- 3 |  4- 6 |  7- 9 || total
-------------------------+-------+-------+-------++-------
Melee: Unarmed           |    76 |   141 |   300 ||   517
Throw: Tomahawk          |       |       |    13 ||    13
  Use: Scroll            |       |       |    10 ||    10
       Potion            |       |       |     4 ||     4
 Stab: Sleeping          |     3 |     1 |     7 ||    11
  Eat: Chunk             |    14 |     9 |    28 ||    51
